CAROLINA Hurricanes vs OTTAWA Senators

Created - 26 février 2024 at 23:15

Goals
1 2 3 T
CAROLINA Hurricanes 1 1 3 5
OTTAWA Senators 1 0 0 1
Shots
1 2 3 T
CAROLINA Hurricanes 5 10 10 25
OTTAWA Senators 16 13 14 43

1st period

1. CAROLINA Hurricanes , Travis Konecny 11 (Adam Fox 26, Brandon Montour 10) at 7:15
2. OTTAWA Senators , Mikko Rantanen 12 (K'Andre Miller 15, Cale Makar 20) at 17:55 (PP)

Penalties :
William Nylander (CAR) for Goalie Interference (Minor) at 3:31, Rasmus Ristolainen (CAR) for Tripping (Minor) at 8:04, Niko Mikkola (CAR) for Hooking (Minor) at 10:38, Adam Fox (CAR) for Roughing (Minor) at 12:25, Brady Tkachuk (CAR) for Roughing (Minor) at 17:00, Kris Letang (CAR) for Roughing (Minor) at 17:11

2nd period

3. CAROLINA Hurricanes , Mika Zibanejad 14 (Brady Tkachuk 6, Adam Fox 27) at 0:33 (PP)

Penalties :
Cale Makar (OTT) for Roughing (Minor) at 0:05

3rd period

4. CAROLINA Hurricanes , Brady Tkachuk 6 (Kris Letang 10, Nazem Kadri 6) at 7:35
5. CAROLINA Hurricanes , Devon Toews 5 (Elias Pettersson 20, Kris Letang 11) at 18:15 (PP)
6. CAROLINA Hurricanes , Mika Zibanejad 15 (Brandon Montour 11, Adam Fox 28) at 19:21 (PP)

Penalties :
Brandon Montour (CAR) for Cross-checking (Minor) at 10:42, Rasmus Sandin (OTT) for Cross-checking (Minor) at 16:41, Sean Durzi (OTT) for Tripping (Minor) at 18:58

Goalie Stats

Alexandar Georgiev (CAR), 42 saves from 43 shots - (0,977), W, 18-8-2, 60:00 minutes
Logan Thompson (OTT), 20 saves from 25 shots - (0,800), L, 15-5-3, 60:00 minutes

Players Stats for CAROLINA Hurricanes

Player Name              G  A  P  +/- PIM S  H  SB GA TA FO     MP     PP MP  PK MP  
------------------------------------------------------------------------------------
Adam Fox                 0  3  3   1  2   2  1  1  0  0  0/0    25:31   1:37   5:33 
Blake Lizotte            0  0  0   0  0   2  1  0  0  0  7/15   10:32   0:00   0:00 
Brady Tkachuk            1  1  2   2  2   3  2  1  0  0  0/0    16:09   1:45   0:00 
Brandon Montour          0  2  2   1  2   1  2  0  0  0  0/0    21:28   1:37   1:31 
David Perron             0  0  0   0  0   1  0  0  0  0  0/0    10:32   0:00   0:00 
Derek Ryan               0  0  0   0  0   1  1  0  0  0  4/8     8:07   0:00   3:57 
Devon Toews              1  0  1   1  0   2  1  2  0  0  0/0    24:17   0:48   7:00 
Elias Pettersson         0  1  1   0  0   0  3  1  0  0  0/3    23:37   0:40   6:22 
Evgeny Svechnikov        0  0  0   0  0   0  0  0  0  0  0/0     4:10   0:00   0:00 
Filip Forsberg           0  0  0   0  0   2  2  0  0  0  1/2    11:29   0:40   0:17 
Kris Letang              0  2  2   1  2   0  5  0  0  0  0/0    21:41   0:48   4:24 
Mika Zibanejad           2  0  2   0  0   3  0  0  0  0  19/42  25:39   1:45   7:19 
Nazem Kadri              0  1  1   2  0   2  3  1  0  0  7/22   15:23   0:00   0:58 
Niko Mikkola             0  0  0   0  2   0  1  0  0  0  0/0    10:51   0:00   0:00 
Noah Cates               0  0  0   0  0   0  0  0  0  0  3/3     8:07   0:00   3:57 
Rasmus Ristolainen       0  0  0   0  2   0  1  1  0  0  0/0    16:07   0:00   5:16 
Travis Konecny           1  0  1   2  0   3  1  0  0  0  1/3    15:05   0:40   0:00 
William Nylander         0  0  0   0  2   3  1  0  0  0  0/1    18:19   1:45   0:00 

Players Stats for OTTAWA Senators

Player Name              G  A  P  +/- PIM S  H  SB GA TA FO     MP     PP MP  PK MP  
------------------------------------------------------------------------------------
Anthony Duclair          0  0  0  -1  0   3  0  0  0  0  1/1    12:04   0:32   0:00 
Cale Makar               0  1  1   0  2   2  2  1  0  0  0/0    25:41   6:00   1:48 
Connor McDavid           0  0  0  -1  0   4  2  1  0  0  25/43  25:14   6:24   2:25 
Dylan Strome             0  0  0  -1  0   4  1  0  0  0  24/45  27:55   4:57   0:00 
Garnet Hathaway          0  0  0  -1  0   2  2  0  0  0  1/2    14:16   0:00   0:00 
J.J. Moser               0  0  0   0  0   2  0  0  0  0  0/0    13:23   0:00   0:37 
K'Andre Miller           0  1  1   0  0   3  1  3  0  0  0/0    26:10   6:00   2:16 
Max Domi                 0  0  0  -1  0   3  3  0  0  0  3/5    25:59   6:16   0:00 
Mikko Rantanen           1  0  1  -1  0   8  1  0  0  0  2/2    28:20   6:16   2:21 
Nick Seeler              0  0  0   0  0   0  1  0  0  0  0/0     3:51   0:00   0:00 
Oliver Wahlstrom         0  0  0   0  0   0  1  0  0  0  1/1     3:39   0:00   0:04 
Rasmus Asplund           0  0  0   0  0   0  0  0  0  0  0/0     0:00   0:00   0:00 
Rasmus Sandin            0  0  0  -2  2   2  4  0  0  0  0/0    20:54   5:53   0:00 
Samuel Girard            0  0  0  -2  0   3  0  1  0  0  0/0    21:04   5:53   0:09 
Sean Durzi               0  0  0   0  2   1  1  1  0  0  0/0     8:54   0:00   0:00 
Steven Lorentz           0  0  0   0  0   0  0  0  0  0  0/0     0:00   0:00   0:00 
Tyler Bertuzzi           0  0  0   0  0   2  3  0  0  0  0/0    20:04   5:37   0:00 
Vladimir Tarasenko       0  0  0   0  0   4  1  0  0  0  0/0    20:04   5:37   0:00 

3 Stars

1 - Alexandar Georgiev (CAR)
2 - Mika Zibanejad (CAR)
3 - Brady Tkachuk (CAR)

Power Play

CAROLINA Hurricanes - 3 on 3 Attempt(s) - 100,00%
OTTAWA Senators - 1 on 7 Attempt(s) - 14,29%

Penalty Kill

CAROLINA Hurricanes - 6 on 7 Attempt(s) - 85,71% - Score 0 goal in Penalty Kill
OTTAWA Senators - 0 on 3 Attempt(s) - 0,00% - Score 0 goal in Penalty Kill

Team Stat

CAROLINA Hurricanes - Hits : 25 - Faceoff Wins : 42 - Blocked Shots : 7 - Penalty Minutes : 14
OTTAWA Senators - Hits : 23 - Faceoff Wins : 57 - Blocked Shots : 7 - Penalty Minutes : 6

Official

Referees : Ian Walsh and Brian Pochmara
Linesman : Cassandra Gregory and Alexandra Clarke

Game Notes

No Game Note

Finance

Level 1 -- Attendance: 5351 (78,64%) -- Ticket Income $535,100
Level 2 -- Attendance: 3922 (67,62%) -- Ticket Income $235,320
Level 3 -- Attendance: 1904 (47,60%) -- Ticket Income $66,640
Level 4 -- Attendance: 3772 (75,41%) -- Ticket Income $75,440
Luxury Box -- Attendance: 759 (71,94%) -- Ticket Income $151,800
Game was played at the Canadian Tire Centre.
Total Attendance: 15708 (69,32%)
Total Ticket Income: $1,064,300
Other Income: $266,075
Total Income: $1,330,375

CAROLINA Hurricanes

5 vs 5 Forward 
   Center                   Left Wing                Right Wing               Time % Phy DF OF 
 1 Mika Zibanejad           Elias Pettersson         William Nylander         40     1   2  2  
 2 Nazem Kadri              Brady Tkachuk            Travis Konecny           30     1   2  2  
 3 Blake Lizotte            Filip Forsberg           David Perron             20     1   2  2  
 4 Derek Ryan               Noah Cates               Evgeny Svechnikov        10     1   2  2  

5 vs 5 Defense 
   Defense                  Defense                                           Time % Phy DF OF 
 1 Adam Fox                 Brandon Montour                                   40     1   2  2  
 2 Kris Letang              Devon Toews                                       30     1   2  2  
 3 Rasmus Ristolainen       Niko Mikkola                                      20     1   2  2  
 4 Adam Fox                 Brandon Montour                                   10     1   2  2  

PowerPlay Forward 
   Center                   Left Wing                Right Wing               Time % Phy DF OF 
 1 Mika Zibanejad           Brady Tkachuk            William Nylander         60     1   2  2  
 2 Elias Pettersson         Filip Forsberg           Travis Konecny           40     1   2  2  

PowerPlay Defense
   Defense                  Defense                                           Time % Phy DF OF 
 1 Adam Fox                 Brandon Montour                                   60     1   2  2  
 2 Kris Letang              Devon Toews                                       40     1   2  2  

Penalty Kill 4 Players Forward 
   Center                   Wing                     Time % Phy DF OF 
 1 Mika Zibanejad           Elias Pettersson         60     1   2  2  
 2 Noah Cates               Derek Ryan               40     1   2  2  

Penalty Kill 4 Players Defense
   Defense                  Defense                  Time % Phy DF OF 
 1 Adam Fox                 Devon Toews              60     1   2  2  
 2 Kris Letang              Rasmus Ristolainen       40     1   2  2  

Penalty Kill - 3 Players Forward 
   Forward                                           Time % Phy DF OF 
 1 Mika Zibanejad                                    60     1   2  2  
 2 Elias Pettersson                                  40     1   2  2  

Penalty Kill - 3 Players Defense
   Defense                  Defense                  Time % Phy DF OF 
 1 Adam Fox                 Devon Toews              60     1   2  2  
 2 Kris Letang              Rasmus Ristolainen       40     1   2  2  

4 vs 4 Forward 
   Center                   Wing                     Time % Phy DF OF 
 1 Mika Zibanejad           William Nylander         60     1   2  2  
 2 Elias Pettersson         Filip Forsberg           40     1   2  2  

4 vs 4 Defense
   Defense                  Defense                  Time % Phy DF OF 
 1 Adam Fox                 Brandon Montour          60     1   2  2  
 2 Kris Letang              Devon Toews              40     1   2  2  

Last Minutes Offensive
   Center                   Left Wing                Right Wing               Defense                  Defense                  
   Mika Zibanejad           Brady Tkachuk            William Nylander         Adam Fox                 Brandon Montour          

Last Minutes Defensive
   Center                   Left Wing                Right Wing               Defense                  Defense                  
   Mika Zibanejad           Brady Tkachuk            William Nylander         Adam Fox                 Brandon Montour          

Goaltenders
Starting : Alexandar Georgiev       
Backup : Alex Lyon                

Extra Forwards
Normal : Nazem Kadri, David Perron, Travis Konecny - PP : Nazem Kadri, David Perron - PK : Nazem Kadri
Extra Defensemen
Normal : Devon Toews, Rasmus Ristolainen, Niko Mikkola - PP : Devon Toews - PK : Devon Toews, Rasmus Ristolainen
Penalty Shots
Mika Zibanejad, Elias Pettersson, William Nylander, Brady Tkachuk, Nazem Kadri

Scratches
None

OTTAWA Senators

5 vs 5 Forward 
   Center                   Left Wing                Right Wing               Time % Phy DF OF 
 1 Connor McDavid           Max Domi                 Mikko Rantanen           40     1   2  2  
 2 Dylan Strome             Tyler Bertuzzi           Vladimir Tarasenko       30     1   2  2  
 3 Dylan Strome             Anthony Duclair          Garnet Hathaway          20     1   2  2  
 4 Max Domi                 Garnet Hathaway          Mikko Rantanen           10     1   2  2  

5 vs 5 Defense 
   Defense                  Defense                                           Time % Phy DF OF 
 1 Cale Makar               K'Andre Miller                                    40     1   2  2  
 2 Samuel Girard            Rasmus Sandin                                     30     1   2  2  
 3 Sean Durzi               J.J. Moser                                        20     1   2  2  
 4 Nick Seeler              J.J. Moser                                        10     1   2  2  

PowerPlay Forward 
   Center                   Left Wing                Right Wing               Time % Phy DF OF 
 1 Connor McDavid           Max Domi                 Mikko Rantanen           60     1   2  2  
 2 Dylan Strome             Tyler Bertuzzi           Vladimir Tarasenko       40     1   2  2  

PowerPlay Defense
   Defense                  Defense                                           Time % Phy DF OF 
 1 Cale Makar               K'Andre Miller                                    60     1   2  2  
 2 Samuel Girard            Rasmus Sandin                                     40     1   2  2  

Penalty Kill 4 Players Forward 
   Center                   Wing                     Time % Phy DF OF 
 1 Connor McDavid           Mikko Rantanen           60     1   2  2  
 2 Max Domi                 Tyler Bertuzzi           40     1   2  2  

Penalty Kill 4 Players Defense
   Defense                  Defense                  Time % Phy DF OF 
 1 Cale Makar               K'Andre Miller           60     1   2  2  
 2 Samuel Girard            Rasmus Sandin            40     1   2  2  

Penalty Kill - 3 Players Forward 
   Forward                                           Time % Phy DF OF 
 1 Connor McDavid                                    60     1   2  2  
 2 Mikko Rantanen                                    40     1   2  2  

Penalty Kill - 3 Players Defense
   Defense                  Defense                  Time % Phy DF OF 
 1 Cale Makar               K'Andre Miller           60     1   2  2  
 2 Samuel Girard            Rasmus Sandin            40     1   2  2  

4 vs 4 Forward 
   Center                   Wing                     Time % Phy DF OF 
 1 Connor McDavid           Mikko Rantanen           60     1   2  2  
 2 Dylan Strome             Tyler Bertuzzi           40     1   2  2  

4 vs 4 Defense
   Defense                  Defense                  Time % Phy DF OF 
 1 Cale Makar               K'Andre Miller           60     1   2  2  
 2 Samuel Girard            Rasmus Sandin            40     1   2  2  

Last Minutes Offensive
   Center                   Left Wing                Right Wing               Defense                  Defense                  
   Connor McDavid           Tyler Bertuzzi           Mikko Rantanen           Cale Makar               K'Andre Miller           

Last Minutes Defensive
   Center                   Left Wing                Right Wing               Defense                  Defense                  
   Connor McDavid           Garnet Hathaway          Mikko Rantanen           Cale Makar               K'Andre Miller           

Goaltenders
Starting : Logan Thompson           
Backup : Pheonix Copley           

Extra Forwards
Normal : Mikko Rantanen, Anthony Duclair, Oliver Wahlstrom - PP : Connor McDavid, Anthony Duclair - PK : Oliver Wahlstrom
Extra Defensemen
Normal : Sean Durzi, J.J. Moser, Nick Seeler - PP : Sean Durzi - PK : J.J. Moser, Nick Seeler
Penalty Shots
Connor McDavid, Mikko Rantanen, Max Domi, Dylan Strome, Tyler Bertuzzi

Scratches
Boris Katchouk (Healthy), Filip Zadina (Healthy)

% Time on Ice - CAROLINA Hurricanes

Lines # - Real PCT - Wanted PCT - Time Play
Normal Forward
1 - 36% - 40% - 16:35
2 - 32% - 30% - 14:25
3 - 23% - 20% - 10:32
4 - 9% - 10% - 4:10
Normal Defense
1 - 38% - 40% - 17:35
2 - 36% - 30% - 16:29
3 - 24% - 20% - 10:52
4 - 2% - 10% - 0:46
PP Forward
1 - 72% - 60% - 1:45
2 - 28% - 40% - 0:40
PP Defense
1 - 67% - 60% - 1:37
2 - 33% - 40% - 0:48
PK Forward
1 - 64% - 60% - 7:00
2 - 36% - 40% - 3:57
PK Defense
1 - 52% - 60% - 5:44
2 - 48% - 40% - 5:13
PK3 Forward
1 - 100% - 60% - 0:56
2 - 0% - 40% - 0:00
PK3 Defense
1 - 54% - 60% - 0:30
2 - 46% - 40% - 0:26
44 Forward
1 - 0% - 60%
2 - 0% - 40%
44 Defense
1 - 0% - 60%
2 - 0% - 40%
Last Minute Offensive  - 0:00
Last Minute Defensive  - 0:00
Total
Forward - 60:00
Defense - 60:00

% Time on Ice - OTTAWA Senators

Lines # - Real PCT - Wanted PCT - Time Play
Normal Forward
1 - 36% - 40% - 16:25
2 - 32% - 30% - 14:27
3 - 25% - 20% - 11:32
4 - 7% - 10% - 3:18
Normal Defense
1 - 39% - 40% - 17:54
2 - 33% - 30% - 15:02
3 - 20% - 20% - 8:55
4 - 8% - 10% - 3:51
PP Forward
1 - 53% - 60% - 6:16
2 - 47% - 40% - 5:37
PP Defense
1 - 50% - 60% - 6:00
2 - 50% - 40% - 5:53
PK Forward
1 - 100% - 60% - 2:25
2 - 0% - 40% - 0:00
PK Defense
1 - 94% - 60% - 2:16
2 - 6% - 40% - 0:09
PK3 Forward
1 - 0% - 60%
2 - 0% - 40%
PK3 Defense
1 - 0% - 60%
2 - 0% - 40%
44 Forward
1 - 0% - 60%
2 - 0% - 40%
44 Defense
1 - 0% - 60%
2 - 0% - 40%
Last Minute Offensive  - 0:00
Last Minute Defensive  - 0:00
Total
Forward - 60:00
Defense - 60:00

Play-by-Play

1st period


0:01 of 1st period - Connor McDavid wins face-off versus Mika Zibanejad in neutral zone.
0:17 of 1st period - Shot by William Nylander.
0:17 of 1st period - Shot Blocked by Connor McDavid.
0:45 of 1st period - Cale Makar is hit by Elias Pettersson and loses puck.
1:04 of 1st period - Devon Toews is hit by Mikko Rantanen.
1:32 of 1st period - Shot by Nazem Kadri.
1:32 of 1st period - Stopped by Logan Thompson with a rebound.
2:03 of 1st period - Blake Lizotte is hit by Rasmus Sandin and loses puck.
3:31 of 1st period - Minor Penalty to William Nylander for Goalie Interference.
3:32 of 1st period - Connor McDavid wins face-off versus Mika Zibanejad in CAROLINA Hurricanes zone.
3:55 of 1st period - Shot by Cale Makar.
3:55 of 1st period - Shot Misses the Net.
4:19 of 1st period - Noah Cates is hit by Vladimir Tarasenko and loses puck.
5:31 of 1st period - Shot by Mikko Rantanen.
5:31 of 1st period - Stopped by Alexandar Georgiev without a rebound.
5:32 of 1st period - Max Domi wins face-off versus Nazem Kadri in CAROLINA Hurricanes zone.
5:50 of 1st period - Icing by Garnet Hathaway.
5:51 of 1st period - Blake Lizotte wins face-off versus Max Domi in OTTAWA Senators zone.
5:51 of 1st period - Devon Toews is hit by Nick Seeler and loses puck.
6:08 of 1st period - Shot by Blake Lizotte.
6:08 of 1st period - Stopped by Logan Thompson without a rebound.
6:09 of 1st period - Dylan Strome wins face-off versus Mika Zibanejad in OTTAWA Senators zone.
6:13 of 1st period - Icing by K'Andre Miller.
6:14 of 1st period - Mika Zibanejad wins face-off versus Dylan Strome in OTTAWA Senators zone.
6:33 of 1st period - Shot by Garnet Hathaway.
6:33 of 1st period - Stopped by Alexandar Georgiev with a rebound.
6:35 of 1st period - Shot by Dylan Strome.
6:35 of 1st period - Deflect By Anthony Duclair.
6:35 of 1st period - Stopped by Alexandar Georgiev without a rebound.
6:36 of 1st period - Connor McDavid wins face-off versus Nazem Kadri in CAROLINA Hurricanes zone.
7:15 of 1st period - Shot by Travis Konecny.
7:15 of 1st period - Goal by Travis Konecny - CAROLINA Hurricanes : 1 - OTTAWA Senators : 0.
7:16 of 1st period - Dylan Strome wins face-off versus Mika Zibanejad in neutral zone.
7:34 of 1st period - Icing by Cale Makar.
7:35 of 1st period - Dylan Strome wins face-off versus Filip Forsberg in OTTAWA Senators zone.
7:35 of 1st period - Cale Makar is hit by Filip Forsberg and loses puck.
7:58 of 1st period - K'Andre Miller is hit by Blake Lizotte and loses puck.
8:04 of 1st period - Minor Penalty to Rasmus Ristolainen for Tripping.
8:05 of 1st period - Connor McDavid wins face-off versus Mika Zibanejad in CAROLINA Hurricanes zone.
8:20 of 1st period - Shot by Samuel Girard.
8:20 of 1st period - Stopped by Alexandar Georgiev without a rebound.
8:21 of 1st period - Mika Zibanejad wins face-off versus Connor McDavid in CAROLINA Hurricanes zone.
8:33 of 1st period - Shot by Connor McDavid.
8:33 of 1st period - Shot Misses the Net.
10:09 of 1st period - Sean Durzi is hit by Niko Mikkola and loses puck.
10:25 of 1st period - Shot by Garnet Hathaway.
10:25 of 1st period - Shot Misses the Net.
10:38 of 1st period - Minor Penalty to Niko Mikkola for Hooking.
10:39 of 1st period - Mika Zibanejad wins face-off versus Max Domi in CAROLINA Hurricanes zone.
10:58 of 1st period - Shot by Cale Makar.
10:58 of 1st period - Stopped by Alexandar Georgiev without a rebound.
10:59 of 1st period - Mika Zibanejad wins face-off versus Connor McDavid in CAROLINA Hurricanes zone.
10:59 of 1st period - Mika Zibanejad is hit by Connor McDavid.
11:38 of 1st period - Shot by Samuel Girard.
11:38 of 1st period - Stopped by Alexandar Georgiev without a rebound.
11:39 of 1st period - Anthony Duclair wins face-off versus Mika Zibanejad in CAROLINA Hurricanes zone.
11:39 of 1st period - Mikko Rantanen is hit by Kris Letang and loses puck.
11:48 of 1st period - Shot by Max Domi.
11:48 of 1st period - Shot Misses the Net.
12:08 of 1st period - Shot by K'Andre Miller.
12:08 of 1st period - Stopped by Alexandar Georgiev with a rebound.
12:10 of 1st period - Shot by Cale Makar.
12:10 of 1st period - Stopped by Alexandar Georgiev without a rebound.
12:11 of 1st period - Noah Cates wins face-off versus Dylan Strome in CAROLINA Hurricanes zone.
12:21 of 1st period - Vladimir Tarasenko is hit by Derek Ryan and loses puck.
12:25 of 1st period - Minor Penalty to Adam Fox for Roughing.
12:26 of 1st period - Connor McDavid wins face-off versus Mika Zibanejad in CAROLINA Hurricanes zone.
12:31 of 1st period - Shot by Connor McDavid.
12:31 of 1st period - Shot Hit the Post.
12:55 of 1st period - Shot by K'Andre Miller.
12:55 of 1st period - Stopped by Alexandar Georgiev without a rebound.
12:56 of 1st period - Mika Zibanejad wins face-off versus Dylan Strome in CAROLINA Hurricanes zone.
13:13 of 1st period - Dylan Strome is hit by Elias Pettersson and loses puck.
13:38 of 1st period - Shot by Vladimir Tarasenko.
13:38 of 1st period - Stopped by Alexandar Georgiev without a rebound.
13:39 of 1st period - Noah Cates wins face-off versus Connor McDavid in CAROLINA Hurricanes zone.
14:43 of 1st period - Icing by Sean Durzi.
14:44 of 1st period - Blake Lizotte wins face-off versus Garnet Hathaway in OTTAWA Senators zone.
15:19 of 1st period - Icing by Garnet Hathaway.
15:20 of 1st period - Dylan Strome wins face-off versus Elias Pettersson in OTTAWA Senators zone.
15:41 of 1st period - Shot by William Nylander.
15:41 of 1st period - Stopped by Logan Thompson without a rebound.
15:42 of 1st period - Nazem Kadri wins face-off versus Connor McDavid in OTTAWA Senators zone.
15:48 of 1st period - Icing by Mikko Rantanen.
15:49 of 1st period - Mika Zibanejad wins face-off versus Connor McDavid in OTTAWA Senators zone.
15:54 of 1st period - Shot by William Nylander.
15:54 of 1st period - Shot Misses the Net.
16:34 of 1st period - Shot by Max Domi.
16:34 of 1st period - Stopped by Alexandar Georgiev without a rebound.
16:35 of 1st period - Dylan Strome wins face-off versus Nazem Kadri in CAROLINA Hurricanes zone.
16:35 of 1st period - Dylan Strome is hit by Brandon Montour.
17:00 of 1st period - Minor Penalty to Brady Tkachuk for Roughing.
17:01 of 1st period - Connor McDavid wins face-off versus Mika Zibanejad in CAROLINA Hurricanes zone.
17:10 of 1st period - Shot by Connor McDavid.
17:10 of 1st period - Stopped by Alexandar Georgiev without a rebound.
17:11 of 1st period - Dylan Strome wins face-off versus Mika Zibanejad in CAROLINA Hurricanes zone.
17:11 of 1st period - Minor Penalty to Kris Letang for Roughing.
17:12 of 1st period - Mika Zibanejad wins face-off versus Dylan Strome in CAROLINA Hurricanes zone.
17:22 of 1st period - Shot by Samuel Girard.
17:22 of 1st period - Stopped by Alexandar Georgiev without a rebound.
17:23 of 1st period - Mika Zibanejad wins face-off versus Connor McDavid in CAROLINA Hurricanes zone.
17:23 of 1st period - Mika Zibanejad is hit by Max Domi.
17:49 of 1st period - Shot by Cale Makar.
17:49 of 1st period - Shot Blocked by Devon Toews.
17:51 of 1st period - Shot by Mikko Rantanen.
17:51 of 1st period - Shot Misses the Net.
17:53 of 1st period - Shot by K'Andre Miller.
17:53 of 1st period - Shot Misses the Net.
17:55 of 1st period - Shot by Mikko Rantanen.
17:55 of 1st period - Goal by Mikko Rantanen - CAROLINA Hurricanes : 1 - OTTAWA Senators : 1.
17:56 of 1st period - Mika Zibanejad wins face-off versus Dylan Strome in neutral zone.
19:16 of 1st period - Shot by Max Domi.
19:16 of 1st period - Deflect By Mikko Rantanen.
19:16 of 1st period - Shot Misses the Net.
19:28 of 1st period - Shot by J.J. Moser.
19:28 of 1st period - Stopped by Alexandar Georgiev without a rebound.
19:29 of 1st period - Blake Lizotte wins face-off versus Dylan Strome in CAROLINA Hurricanes zone.
19:34 of 1st period - Shot by Filip Forsberg.
19:34 of 1st period - Stopped by Logan Thompson without a rebound.
19:35 of 1st period - Connor McDavid wins face-off versus Nazem Kadri in OTTAWA Senators zone.
19:35 of 1st period - Cale Makar is hit by Nazem Kadri and loses puck.
19:48 of 1st period - Shot by Cale Makar.
19:48 of 1st period - Shot Blocked by Rasmus Ristolainen.
19:50 of 1st period - Shot by Connor McDavid.
19:50 of 1st period - Stopped by Alexandar Georgiev without a rebound.
19:51 of 1st period - Dylan Strome wins face-off versus Mika Zibanejad in CAROLINA Hurricanes zone.
19:55 of 1st period - Icing by Devon Toews.
19:56 of 1st period - Dylan Strome wins face-off versus Mika Zibanejad in CAROLINA Hurricanes zone.
Goals for this period are 1 for CAROLINA Hurricanes vs 1 for OTTAWA Senators.
Shots for this period are 5 for CAROLINA Hurricanes vs 16 for OTTAWA Senators.

2nd period


0:01 of 2nd period - Mika Zibanejad wins face-off versus Connor McDavid in neutral zone.
0:01 of 2nd period - Adam Fox is hit by Max Domi and loses puck.
0:05 of 2nd period - Minor Penalty to Cale Makar for Roughing.
0:06 of 2nd period - Mikko Rantanen wins face-off versus Mika Zibanejad in OTTAWA Senators zone.
0:27 of 2nd period - Shot by Brandon Montour.
0:27 of 2nd period - Shot Blocked by K'Andre Miller.
0:29 of 2nd period - Shot by Adam Fox.
0:29 of 2nd period - Stopped by Logan Thompson with a rebound.
0:31 of 2nd period - Shot by Brady Tkachuk.
0:31 of 2nd period - Shot Misses the Net.
0:33 of 2nd period - Shot by Mika Zibanejad.
0:33 of 2nd period - Goal by Mika Zibanejad - CAROLINA Hurricanes : 2 - OTTAWA Senators : 1.
0:34 of 2nd period - Dylan Strome wins face-off versus Derek Ryan in neutral zone.
1:11 of 2nd period - Shot by Noah Cates.
1:11 of 2nd period - Shot Misses the Net.
1:17 of 2nd period - Shot by Derek Ryan.
1:17 of 2nd period - Shot Misses the Net.
1:41 of 2nd period - Adam Fox is hit by K'Andre Miller and loses puck.
1:49 of 2nd period - Off-side.
1:50 of 2nd period - Connor McDavid wins face-off versus Nazem Kadri in neutral zone.
2:13 of 2nd period - Shot by Connor McDavid.
2:13 of 2nd period - Shot Blocked by Nazem Kadri.
2:35 of 2nd period - Shot by Travis Konecny.
2:35 of 2nd period - Stopped by Logan Thompson without a rebound.
2:36 of 2nd period - Garnet Hathaway wins face-off versus Mika Zibanejad in OTTAWA Senators zone.
2:36 of 2nd period - Garnet Hathaway is hit by Elias Pettersson.
2:49 of 2nd period - Icing by K'Andre Miller.
2:50 of 2nd period - Dylan Strome wins face-off versus Blake Lizotte in OTTAWA Senators zone.
2:59 of 2nd period - Shot by Anthony Duclair.
2:59 of 2nd period - Stopped by Alexandar Georgiev without a rebound.
3:00 of 2nd period - Mika Zibanejad wins face-off versus Dylan Strome in CAROLINA Hurricanes zone.
5:16 of 2nd period - Shot by David Perron.
5:16 of 2nd period - Stopped by Logan Thompson without a rebound.
5:17 of 2nd period - Derek Ryan wins face-off versus Dylan Strome in OTTAWA Senators zone.
5:28 of 2nd period - Adam Fox is hit by Tyler Bertuzzi and loses puck.
5:36 of 2nd period - Icing by Brandon Montour.
5:37 of 2nd period - Derek Ryan wins face-off versus Dylan Strome in CAROLINA Hurricanes zone.
5:42 of 2nd period - Shot by Adam Fox.
5:42 of 2nd period - Stopped by Logan Thompson without a rebound.
5:43 of 2nd period - Mika Zibanejad wins face-off versus Dylan Strome in OTTAWA Senators zone.
5:54 of 2nd period - Shot by William Nylander.
5:54 of 2nd period - Deflect By Elias Pettersson.
5:54 of 2nd period - Shot Blocked by Samuel Girard.
6:04 of 2nd period - Shot by William Nylander.
6:04 of 2nd period - Shot Misses the Net.
6:42 of 2nd period - Shot by Mikko Rantanen.
6:42 of 2nd period - Stopped by Alexandar Georgiev without a rebound.
6:43 of 2nd period - Oliver Wahlstrom wins face-off versus Nazem Kadri in CAROLINA Hurricanes zone.
7:01 of 2nd period - Shot by Garnet Hathaway.
7:01 of 2nd period - Stopped by Alexandar Georgiev with a rebound.
7:03 of 2nd period - Shot by J.J. Moser.
7:03 of 2nd period - Stopped by Alexandar Georgiev without a rebound.
7:04 of 2nd period - Blake Lizotte wins face-off versus Connor McDavid in CAROLINA Hurricanes zone.
7:37 of 2nd period - Shot by Blake Lizotte.
7:37 of 2nd period - Stopped by Logan Thompson with a rebound.
7:39 of 2nd period - Shot by Filip Forsberg.
7:39 of 2nd period - Stopped by Logan Thompson without a rebound.
7:40 of 2nd period - Dylan Strome wins face-off versus Nazem Kadri in OTTAWA Senators zone.
8:05 of 2nd period - Shot by Nazem Kadri.
8:05 of 2nd period - Stopped by Logan Thompson with a rebound.
8:33 of 2nd period - Vladimir Tarasenko is hit by Devon Toews and loses puck.
8:39 of 2nd period - Off-side.
8:40 of 2nd period - Connor McDavid wins face-off versus Blake Lizotte in neutral zone.
9:25 of 2nd period - Shot by Mikko Rantanen.
9:25 of 2nd period - Shot Blocked by Devon Toews.
9:32 of 2nd period - Icing by Devon Toews.
9:33 of 2nd period - Dylan Strome wins face-off versus Blake Lizotte in CAROLINA Hurricanes zone.
9:58 of 2nd period - Garnet Hathaway is hit by Filip Forsberg and loses puck.
10:25 of 2nd period - Icing by David Perron.
10:26 of 2nd period - Blake Lizotte wins face-off versus Connor McDavid in CAROLINA Hurricanes zone.
10:36 of 2nd period - Icing by Samuel Girard.
10:37 of 2nd period - Mika Zibanejad wins face-off versus Connor McDavid in OTTAWA Senators zone.
10:46 of 2nd period - Mika Zibanejad is hit by Connor McDavid and loses puck.
11:01 of 2nd period - Shot by Mikko Rantanen.
11:01 of 2nd period - Stopped by Alexandar Georgiev without a rebound.
11:02 of 2nd period - Dylan Strome wins face-off versus Nazem Kadri in CAROLINA Hurricanes zone.
11:17 of 2nd period - K'Andre Miller is hit by Nazem Kadri and loses puck.
11:25 of 2nd period - Brady Tkachuk is hit by Cale Makar and loses puck.
11:31 of 2nd period - Brady Tkachuk is hit by Cale Makar and loses puck.
11:38 of 2nd period - Shot by Brady Tkachuk.
11:38 of 2nd period - Shot Misses the Net.
11:56 of 2nd period - Shot by Elias Pettersson.
11:56 of 2nd period - Shot Blocked by K'Andre Miller.
12:16 of 2nd period - Shot by Mika Zibanejad.
12:16 of 2nd period - Deflect By William Nylander.
12:16 of 2nd period - Shot Misses the Net.
12:25 of 2nd period - Icing by Connor McDavid.
12:26 of 2nd period - Connor McDavid wins face-off versus Derek Ryan in OTTAWA Senators zone.
12:33 of 2nd period - Shot by Derek Ryan.
12:33 of 2nd period - Stopped by Logan Thompson without a rebound.
12:34 of 2nd period - Max Domi wins face-off versus Derek Ryan in OTTAWA Senators zone.
12:45 of 2nd period - Shot by Mikko Rantanen.
12:45 of 2nd period - Deflect By Max Domi.
12:45 of 2nd period - Stopped by Alexandar Georgiev without a rebound.
12:46 of 2nd period - Connor McDavid wins face-off versus Mika Zibanejad in CAROLINA Hurricanes zone.
13:07 of 2nd period - Shot by William Nylander.
13:07 of 2nd period - Stopped by Logan Thompson without a rebound.
13:08 of 2nd period - Nazem Kadri wins face-off versus Dylan Strome in OTTAWA Senators zone.
14:10 of 2nd period - Icing by K'Andre Miller.
14:11 of 2nd period - Noah Cates wins face-off versus Dylan Strome in OTTAWA Senators zone.
14:12 of 2nd period - Shot by Derek Ryan.
14:12 of 2nd period - Shot Blocked by K'Andre Miller.
14:35 of 2nd period - Noah Cates is hit by Rasmus Sandin and loses puck.
14:48 of 2nd period - Shot by Max Domi.
14:48 of 2nd period - Stopped by Alexandar Georgiev without a rebound.
14:49 of 2nd period - Max Domi wins face-off versus Elias Pettersson in CAROLINA Hurricanes zone.
15:13 of 2nd period - Shot by Sean Durzi.
15:13 of 2nd period - Stopped by Alexandar Georgiev without a rebound.
15:14 of 2nd period - Nazem Kadri wins face-off versus Connor McDavid in CAROLINA Hurricanes zone.
16:01 of 2nd period - Shot by Anthony Duclair.
16:01 of 2nd period - Stopped by Alexandar Georgiev without a rebound.
16:02 of 2nd period - Dylan Strome wins face-off versus Mika Zibanejad in CAROLINA Hurricanes zone.
17:19 of 2nd period - Shot by Vladimir Tarasenko.
17:19 of 2nd period - Stopped by Alexandar Georgiev with a rebound.
17:21 of 2nd period - Shot by Tyler Bertuzzi.
17:21 of 2nd period - Stopped by Alexandar Georgiev without a rebound.
17:22 of 2nd period - Connor McDavid wins face-off versus Travis Konecny in CAROLINA Hurricanes zone.
17:26 of 2nd period - Max Domi is hit by Kris Letang and loses puck.
17:30 of 2nd period - Icing by Brady Tkachuk.
17:31 of 2nd period - Connor McDavid wins face-off versus Nazem Kadri in CAROLINA Hurricanes zone.
17:31 of 2nd period - Connor McDavid is hit by Kris Letang.
17:52 of 2nd period - Connor McDavid is hit by Kris Letang.
17:58 of 2nd period - Shot by Connor McDavid.
17:58 of 2nd period - Stopped by Alexandar Georgiev with a rebound.
18:00 of 2nd period - Shot by Max Domi.
18:00 of 2nd period - Shot Blocked by Brady Tkachuk.
18:02 of 2nd period - Shot by Connor McDavid.
18:02 of 2nd period - Shot Misses the Net.
18:07 of 2nd period - Icing by Devon Toews.
18:08 of 2nd period - Nazem Kadri wins face-off versus Dylan Strome in CAROLINA Hurricanes zone.
18:20 of 2nd period - K'Andre Miller is hit by Travis Konecny and loses puck.
19:11 of 2nd period - Shot by William Nylander.
19:11 of 2nd period - Deflect By Elias Pettersson.
19:11 of 2nd period - Shot Misses the Net.
19:49 of 2nd period - Shot by Anthony Duclair.
19:49 of 2nd period - Shot Misses the Net.
19:51 of 2nd period - Shot by Rasmus Sandin.
19:51 of 2nd period - Stopped by Alexandar Georgiev without a rebound.
19:52 of 2nd period - Dylan Strome wins face-off versus Blake Lizotte in CAROLINA Hurricanes zone.
Goals for this period are 1 for CAROLINA Hurricanes vs 0 for OTTAWA Senators.
Shots for this period are 10 for CAROLINA Hurricanes vs 13 for OTTAWA Senators.

3rd period


0:01 of 3rd period - Connor McDavid wins face-off versus Mika Zibanejad in neutral zone.
0:10 of 3rd period - Shot by Connor McDavid.
0:10 of 3rd period - Stopped by Alexandar Georgiev without a rebound.
0:11 of 3rd period - Dylan Strome wins face-off versus Nazem Kadri in CAROLINA Hurricanes zone.
0:35 of 3rd period - Icing by K'Andre Miller.
0:36 of 3rd period - Dylan Strome wins face-off versus Mika Zibanejad in OTTAWA Senators zone.
0:56 of 3rd period - Shot by Garnet Hathaway.
0:56 of 3rd period - Shot Misses the Net.
1:17 of 3rd period - Icing by Cale Makar.
1:18 of 3rd period - Dylan Strome wins face-off versus Nazem Kadri in OTTAWA Senators zone.
1:27 of 3rd period - Travis Konecny is hit by Garnet Hathaway.
2:04 of 3rd period - Shot by Mikko Rantanen.
2:04 of 3rd period - Stopped by Alexandar Georgiev without a rebound.
2:05 of 3rd period - Mika Zibanejad wins face-off versus Connor McDavid in CAROLINA Hurricanes zone.
2:05 of 3rd period - Mika Zibanejad is hit by Max Domi.
2:16 of 3rd period - Off-side.
2:17 of 3rd period - Filip Forsberg wins face-off versus Connor McDavid in neutral zone.
2:27 of 3rd period - Off-side.
2:28 of 3rd period - Connor McDavid wins face-off versus Mika Zibanejad in neutral zone.
2:28 of 3rd period - Connor McDavid is hit by William Nylander.
3:10 of 3rd period - Shot by Mikko Rantanen.
3:10 of 3rd period - Stopped by Alexandar Georgiev without a rebound.
3:11 of 3rd period - Dylan Strome wins face-off versus Nazem Kadri in CAROLINA Hurricanes zone.
3:31 of 3rd period - Shot by Tyler Bertuzzi.
3:31 of 3rd period - Stopped by Alexandar Georgiev without a rebound.
3:32 of 3rd period - Dylan Strome wins face-off versus Blake Lizotte in CAROLINA Hurricanes zone.
4:00 of 3rd period - Icing by K'Andre Miller.
4:01 of 3rd period - Mika Zibanejad wins face-off versus Dylan Strome in OTTAWA Senators zone.
4:12 of 3rd period - Shot by Cale Makar.
4:12 of 3rd period - Shot Misses the Net.
4:14 of 3rd period - Shot by K'Andre Miller.
4:14 of 3rd period - Shot Misses the Net.
4:21 of 3rd period - Dylan Strome is hit by Brandon Montour and loses puck.
4:38 of 3rd period - Shot by Mikko Rantanen.
4:38 of 3rd period - Stopped by Alexandar Georgiev without a rebound.
4:39 of 3rd period - Connor McDavid wins face-off versus Nazem Kadri in CAROLINA Hurricanes zone.
4:56 of 3rd period - Shot by Brady Tkachuk.
4:56 of 3rd period - Stopped by Logan Thompson without a rebound.
4:57 of 3rd period - Connor McDavid wins face-off versus Blake Lizotte in OTTAWA Senators zone.
5:01 of 3rd period - Icing by Samuel Girard.
5:02 of 3rd period - Connor McDavid wins face-off versus William Nylander in OTTAWA Senators zone.
5:21 of 3rd period - Icing by Adam Fox.
5:22 of 3rd period - Mika Zibanejad wins face-off versus Dylan Strome in CAROLINA Hurricanes zone.
5:24 of 3rd period - Brandon Montour is hit by Tyler Bertuzzi and loses puck.
5:54 of 3rd period - Shot by Dylan Strome.
5:54 of 3rd period - Stopped by Alexandar Georgiev without a rebound.
5:55 of 3rd period - Connor McDavid wins face-off versus Nazem Kadri in CAROLINA Hurricanes zone.
5:56 of 3rd period - Shot by Mikko Rantanen.
5:56 of 3rd period - Shot Misses the Net.
5:58 of 3rd period - Shot by Max Domi.
5:58 of 3rd period - Shot Misses the Net.
6:02 of 3rd period - Shot by Connor McDavid.
6:02 of 3rd period - Shot Misses the Net.
6:04 of 3rd period - Shot by Rasmus Sandin.
6:04 of 3rd period - Stopped by Alexandar Georgiev without a rebound.
6:05 of 3rd period - Connor McDavid wins face-off versus Blake Lizotte in CAROLINA Hurricanes zone.
6:06 of 3rd period - Shot by Max Domi.
6:06 of 3rd period - Shot Misses the Net.
6:28 of 3rd period - Filip Forsberg is hit by Sean Durzi and loses puck.
7:01 of 3rd period - Shot by Mika Zibanejad.
7:01 of 3rd period - Shot Blocked by Sean Durzi.
7:03 of 3rd period - Shot by William Nylander.
7:03 of 3rd period - Stopped by Logan Thompson without a rebound.
7:04 of 3rd period - Dylan Strome wins face-off versus Mika Zibanejad in OTTAWA Senators zone.
7:27 of 3rd period - Shot by Dylan Strome.
7:27 of 3rd period - Deflect By Vladimir Tarasenko.
7:27 of 3rd period - Stopped by Alexandar Georgiev without a rebound.
7:28 of 3rd period - Nazem Kadri wins face-off versus Dylan Strome in CAROLINA Hurricanes zone.
7:35 of 3rd period - Shot by Brady Tkachuk.
7:35 of 3rd period - Goal by Brady Tkachuk - CAROLINA Hurricanes : 3 - OTTAWA Senators : 1.
7:36 of 3rd period - Dylan Strome wins face-off versus Nazem Kadri in neutral zone.
8:09 of 3rd period - Shot by Brady Tkachuk.
8:09 of 3rd period - Stopped by Logan Thompson without a rebound.
8:10 of 3rd period - Mika Zibanejad wins face-off versus Connor McDavid in OTTAWA Senators zone.
8:10 of 3rd period - Kris Letang is hit by Rasmus Sandin and loses puck.
8:16 of 3rd period - Off-side.
8:17 of 3rd period - Connor McDavid wins face-off versus Mika Zibanejad in neutral zone.
8:35 of 3rd period - Connor McDavid is hit by Kris Letang and loses puck.
8:44 of 3rd period - Shot by Connor McDavid.
8:44 of 3rd period - Shot Misses the Net.
9:00 of 3rd period - Shot by Connor McDavid.
9:00 of 3rd period - Shot Misses the Net.
9:02 of 3rd period - Shot by Samuel Girard.
9:02 of 3rd period - Shot Misses the Net.
9:18 of 3rd period - Shot by Tyler Bertuzzi.
9:18 of 3rd period - Shot Misses the Net.
9:20 of 3rd period - Shot by Vladimir Tarasenko.
9:20 of 3rd period - Stopped by Alexandar Georgiev with a rebound.
9:38 of 3rd period - Shot by Dylan Strome.
9:38 of 3rd period - Shot Blocked by Elias Pettersson.
9:40 of 3rd period - Shot by Dylan Strome.
9:40 of 3rd period - Stopped by Alexandar Georgiev without a rebound.
9:41 of 3rd period - Nazem Kadri wins face-off versus Dylan Strome in CAROLINA Hurricanes zone.
9:46 of 3rd period - Dylan Strome is hit by Nazem Kadri and loses puck.
9:53 of 3rd period - Adam Fox is hit by Garnet Hathaway and loses puck.
10:09 of 3rd period - Icing by Adam Fox.
10:10 of 3rd period - Travis Konecny wins face-off versus Connor McDavid in CAROLINA Hurricanes zone.
10:14 of 3rd period - Off-side.
10:15 of 3rd period - Derek Ryan wins face-off versus Connor McDavid in neutral zone.
10:32 of 3rd period - Shot by Mikko Rantanen.
10:32 of 3rd period - Stopped by Alexandar Georgiev without a rebound.
10:33 of 3rd period - Dylan Strome wins face-off versus Travis Konecny in CAROLINA Hurricanes zone.
10:41 of 3rd period - Dylan Strome is hit by Adam Fox and loses puck.
10:42 of 3rd period - Minor Penalty to Brandon Montour for Cross-checking.
10:43 of 3rd period - Connor McDavid wins face-off versus Mika Zibanejad in CAROLINA Hurricanes zone.
10:54 of 3rd period - Shot by Connor McDavid.
10:54 of 3rd period - Shot Misses the Net.
10:56 of 3rd period - Shot by Connor McDavid.
10:56 of 3rd period - Shot Misses the Net.
12:54 of 3rd period - Rasmus Ristolainen is hit by Oliver Wahlstrom and loses puck.
13:46 of 3rd period - Icing by Rasmus Ristolainen.
13:47 of 3rd period - Mikko Rantanen wins face-off versus Blake Lizotte in CAROLINA Hurricanes zone.
13:47 of 3rd period - Mikko Rantanen is hit by Rasmus Ristolainen.
14:04 of 3rd period - Max Domi is hit by Brady Tkachuk and loses puck.
14:16 of 3rd period - Shot by Mikko Rantanen.
14:16 of 3rd period - Shot Misses the Net.
14:18 of 3rd period - Shot by Cale Makar.
14:18 of 3rd period - Shot Misses the Net.
16:21 of 3rd period - Shot by Cale Makar.
16:21 of 3rd period - Deflect By Dylan Strome.
16:21 of 3rd period - Stopped by Alexandar Georgiev with a rebound.
16:23 of 3rd period - Shot by K'Andre Miller.
16:23 of 3rd period - Shot Blocked by Adam Fox.
16:25 of 3rd period - Shot by K'Andre Miller.
16:25 of 3rd period - Stopped by Alexandar Georgiev without a rebound.
16:26 of 3rd period - Nazem Kadri wins face-off versus Dylan Strome in CAROLINA Hurricanes zone.
16:26 of 3rd period - Nazem Kadri is hit by Tyler Bertuzzi.
16:33 of 3rd period - Rasmus Ristolainen is hit by Rasmus Sandin and loses puck.
16:41 of 3rd period - Minor Penalty to Rasmus Sandin for Cross-checking.
16:42 of 3rd period - Connor McDavid wins face-off versus Elias Pettersson in OTTAWA Senators zone.
17:07 of 3rd period - Shot by Travis Konecny.
17:07 of 3rd period - Stopped by Logan Thompson with a rebound.
17:09 of 3rd period - Shot by Devon Toews.
17:09 of 3rd period - Stopped by Logan Thompson without a rebound.
17:10 of 3rd period - Mika Zibanejad wins face-off versus Connor McDavid in OTTAWA Senators zone.
17:13 of 3rd period - Shot by Brandon Montour.
17:13 of 3rd period - Stopped by Logan Thompson without a rebound.
17:14 of 3rd period - Connor McDavid wins face-off versus Mika Zibanejad in OTTAWA Senators zone.
17:14 of 3rd period - Connor McDavid is hit by Brady Tkachuk.
18:15 of 3rd period - Shot by Devon Toews.
18:15 of 3rd period - Goal by Devon Toews - CAROLINA Hurricanes : 4 - OTTAWA Senators : 1.
18:16 of 3rd period - Dylan Strome wins face-off versus Derek Ryan in neutral zone.
18:18 of 3rd period - Off-side.
18:19 of 3rd period - Blake Lizotte wins face-off versus Dylan Strome in neutral zone.
18:44 of 3rd period - Shot by Dylan Strome.
18:44 of 3rd period - Stopped by Alexandar Georgiev without a rebound.
18:45 of 3rd period - Derek Ryan wins face-off versus Dylan Strome in CAROLINA Hurricanes zone.
18:45 of 3rd period - Derek Ryan is hit by Dylan Strome.
18:58 of 3rd period - Minor Penalty to Sean Durzi for Tripping.
18:59 of 3rd period - Mika Zibanejad wins face-off versus Connor McDavid in OTTAWA Senators zone.
19:00 of 3rd period - Shot by Kris Letang.
19:00 of 3rd period - Shot Misses the Net.
19:02 of 3rd period - Shot by Devon Toews.
19:02 of 3rd period - Shot Misses the Net.
19:04 of 3rd period - Shot by Kris Letang.
19:04 of 3rd period - Shot Blocked by Cale Makar.
19:06 of 3rd period - Shot by Mika Zibanejad.
19:06 of 3rd period - Stopped by Logan Thompson without a rebound.
19:07 of 3rd period - Connor McDavid wins face-off versus Mika Zibanejad in OTTAWA Senators zone.
19:21 of 3rd period - Shot by Mika Zibanejad.
19:21 of 3rd period - Goal by Mika Zibanejad - CAROLINA Hurricanes : 5 - OTTAWA Senators : 1.
19:22 of 3rd period - Blake Lizotte wins face-off versus Dylan Strome in neutral zone.
Goals for this period are 3 for CAROLINA Hurricanes vs 0 for OTTAWA Senators.
Shots for this period are 10 for CAROLINA Hurricanes vs 14 for OTTAWA Senators. Output by the SimonT Hockey Simulator (STHS) for Martin Benoit - Original Page W3C HTML5 Valid
Hockey Simulator - Hockey Simulation - Hockey Manager